Map: [ESL] Radhuset Station

Players

MaxPax - Winner!

  • Race: Protoss Protoss
  • Spawn Location: 1:00

Wayne

  • Race: Zerg Zerg
  • Spawn Location: 7:00

Event: ESL SC2 Masters 2023 Winter (Regional)

VOD

Have the link to the VOD?

Description

Time

  • Played on: Nov. 16, 2023, 12:31 p.m.
  • Length: 10:29

All games in this series

Show
View Real Time Build Order
Export as new Build Order

MaxPax Protoss - Winner!

Build Orders:  

Get SALT Encoding   

  12  0:00  Probe  
  13  0:12  Probe  
  14  0:19  Pylon  
  14  0:25  Probe  
  15  0:37  Probe (Chrono Boost)  
  15  0:41  Gateway  
  16  0:47  Assimilator, Probe (Chrono Boost)  
  17  0:52  Probe (Chrono Boost)  
  18  1:04  Probe  
  19  1:16  Probe  
  20  1:29  Zealot (Chrono Boost)  
  20  1:31  Cybernetics Core  
  20  1:32  Gateway  
  21  1:38  Pylon  
  21  1:47  Zealot (Chrono Boost)  
  23  2:07  Probe  
  24  2:10  Adept (Chrono Boost)  
  26  2:19  Probe  
  26  2:22  Adept (Chrono Boost)  
  29  2:31  Probe  
  29  2:33  Pylon  
  30  2:51  Adept  
  30  2:52  Adept  
  34  3:13  Nexus  
  34  3:19  Assimilator  
  34  3:22  Probe  
  35  3:29  Stargate  
  35  3:34  Probe  
  34  3:46  Probe  
  35  3:49  Warp Gate  
  35  3:51  Adept  
  37  3:58  Probe  
  34  4:10  Probe  
  35  4:18  Oracle (Chrono Boost)  
  35  4:22  Probe  
  39  4:30  Probe  
  40  4:34  Probe  
  40  4:35  Adept x2  
  45  4:42  Probe  
  46  4:46  Probe  
  47  4:54  Probe  
  47  4:58  Probe  
  47  4:59  Oracle (Chrono Boost)  
  52  5:06  Probe  
  53  5:10  Probe  
  54  5:29  Pylon  
  54  5:40  Pylon  
  54  5:47  Oracle, Probe x2  
  55  5:59  Probe x2  
  57  6:08  Nexus  
  57  6:11  Probe x2 (Chrono Boost), Pylon  
  57  6:16  Assimilator x2  
  57  6:17  Twilight Council, Forge  
  57  6:23  Probe x2 (Chrono Boost)  
  57  6:25  Gateway  
  57  6:26  Gateway  
  57  6:30  Robotics Facility, Gateway, Probe x2 (Chrono Boost)  
  57  6:32  Gateway  
  59  6:38  Probe x2  
  61  6:50  Probe x2  
  63  6:57  Blink (Chrono Boost)  
  63  6:58  Protoss Ground Weapons Level 1 (Chrono Boost)  
  63  7:02  Probe x2  
  63  7:04  Stalker x2  
  69  7:14  Probe x2  
  71  7:21  Probe (Chrono Boost)  
  71  7:22  Warp Prism (Chrono Boost)  
  72  7:23  Stalker x2  
  72  7:26  Probe (Chrono Boost)  
  72  7:29  Pylon  
  80  7:32  Probe (Chrono Boost)  
  81  7:38  Probe x2 (Chrono Boost)  
  81  7:43  Stalker x3  
  89  7:46  Pylon  
  89  7:50  Nexus  
  88  7:54  Observer (Chrono Boost)  
  89  8:05  Probe, Stalker  
  92  8:09  Forge  
  92  8:16  Stalker x5  
  102  8:28  Probe  
  103  8:34  Probe  
  103  8:38  Probe  
  103  8:40  Stalker x4  
  109  8:51  Pylon  
  109  8:52  Pylon  
  109  8:56  Probe x2  
  109  8:57  Probe  
  109  9:00  Stalker x2  
  106  9:08  Probe x2  
  106  9:09  Warp Prism (Chrono Boost), Probe  
  105  9:16  Gateway  
  104  9:19  Stalker x3  
  104  9:20  Gateway, Stalker  
  104  9:22  Pylon  
  104  9:23  Probe  
  113  9:24  Probe  
  113  9:31  Probe  
  114  9:34  Pylon  
  114  9:42  Photon Cannon  
  114  9:45  Stalker x5  
  124  9:51  Pylon  
  122  10:01  Nexus  
  122  10:04  Stalker  
  124  10:11  Stalker x6  
  124  10:13  Probe  
Show
View Real Time Build Order
Export as new Build Order

Wayne Zerg 

Build Orders: Pool First 

Get SALT Encoding   

  12  0:17  Spawning Pool  
  11  0:22  Drone  
  11  0:26  Drone  
  13  0:31  Drone  
  14  0:41  Overlord  
  14  1:05  Zergling x6  
  17  1:19  Hatchery  
  17  1:23  Zergling x2  
  17  1:30  Drone  
  18  1:39  Drone  
  19  1:54  Hatchery  
  18  2:06  Queen  
  20  2:11  Drone  
  20  2:13  Evolution Chamber  
  21  2:15  Overlord  
  21  2:16  Drone  
  22  2:34  Drone x2  
  24  2:42  Queen  
  26  2:50  Drone  
  27  2:59  Zergling x2  
  28  3:06  Zergling x2, Queen  
  28  3:09  Zergling x2  
  32  3:14  Overlord  
  32  3:22  Drone x4  
  36  3:31  Overlord  
  36  3:32  Queen  
  38  3:35  Drone  
  38  3:39  Drone  
  37  3:46  Drone  
  37  3:50  Drone x2  
  37  3:53  Zergling x4  
  39  4:08  Drone  
  39  4:09  Drone x2  
  38  4:14  Drone  
  37  4:19  Spore Crawler  
  37  4:20  Drone x2  
  37  4:31  Drone x4  
  40  4:34  Extractor, Queen  
  40  4:36  Extractor  
  40  4:43  Drone x4  
  44  4:52  Overlord  
  44  4:57  Zergling x4  
  46  5:01  Zergling x2  
  46  5:02  Zergling x2  
  46  5:07  Evolution Chamber  
  46  5:08  Overlord  
  43  5:22  Hatchery  
  43  5:23  Drone  
  43  5:28  Drone x3  
  45  5:34  Drone x2  
  47  5:37  Drone  
  47  5:42  Metabolic Boost  
  48  5:48  Zergling x4  
  48  5:49  Drone  
  48  5:56  Spore Crawler  
  46  5:59  Drone  
  46  6:00  Drone x2  
  46  6:01  Drone  
  43  6:12  Drone x4  
  46  6:21  Lair  
  46  6:22  Drone  
  46  6:25  Drone  
  48  6:28  Drone  
  48  6:29  Drone  
  48  6:32  Drone  
  51  6:39  Queen  
  53  6:44  Drone x4  
  57  6:50  Drone  
  57  6:52  Drone x2  
  59  6:55  Spore Crawler  
  59  6:59  Drone x4  
  62  7:10  Spore Crawler  
  62  7:11  Drone x5  
  62  7:15  Evolution Chamber  
  65  7:20  Drone  
  65  7:22  Drone x2  
  67  7:23  Drone, Overlord  
  67  7:24  Overseer  
  67  7:26  Drone  
  67  7:29  Drone, Hydralisk Den  
  69  7:31  Drone  
  69  7:32  Drone  
  69  7:33  Drone  
  72  7:38  Zergling x2  
  72  7:41  Zerg Missile Weapons Level 1  
  73  7:45  Extractor, Drone  
  73  7:46  Drone x4, Extractor x2  
  73  7:48  Extractor  
  73  7:49  Overlord  
  73  7:50  Drone  
  75  7:51  Drone  
  77  8:00  Hydralisk, Grooved Spines  
  77  8:01  Hydralisk  
  77  8:02  Overlord  
  81  8:08  Hydralisk x4  
  89  8:14  Overlord x2  
  89  8:22  Hydralisk x4  
  97  8:35  Overlord  
  97  8:37  Hydralisk x5  
  105  8:42  Hydralisk  
  105  8:43  Zergling x8  
  107  8:51  Hydralisk x3  
  105  8:58  Hydralisk  
  105  8:59  Zergling x10  
  105  9:02  Hydralisk  
  103  9:03  Queen  
  103  9:07  Hydralisk  
  103  9:13  Zergling x4  
  105  9:19  Drone, Extractor  
  105  9:21  Infestation Pit  
  104  9:26  Hydralisk x4  
  104  9:30  Hatchery  
  110  9:34  Drone  
  110  9:35  Drone x3  
  110  9:37  Queen  
  114  9:41  Queen  
  114  9:44  Drone x4  
  120  9:51  Overlord  
  120  9:55  Overlord  
  120  9:58  Zergling x2  
  118  10:02  Lurker Den  
  118  10:04  Drone x3  
  120  10:10  Overlord  
  120  10:23  Extractor  
  120  10:26  Extractor  
Tags
 
Add a new tag
Caveats
  • Supply blocks, unpowered buildings, or Contaminate may cause inaccurate times.
  • Supply counts are checked every 10 seconds.